 Dungeon Crawl Stone Soup version bcrawl-1.39.1 (webtiles) character file.

Game seed: 12375909246386210799

153887 Finalfun the Gusty (level 5, 0/36 HPs)
             Began as a Fairy Air Elementalist on Sept 20, 2023.
             Killed from afar by a crimson imp (15 damage)
             ... with a flame tongue
             ... on level 3 of the Dungeon.
             The game lasted 00:13:15 (2536 turns).

Finalfun the Gusty (Fairy Air Elementalist)         Turns: 2536, Time: 00:13:16

Health: 0/36       AC:  6    Str:  6    XL:     5   Next: 63%
Magic:  11/11      EV: 16    Int: 20    God:
Gold:   290        SH:  4    Dex: 12    Spells: 3/10 levels left

rFire    . . .     GDR:     24% l - +0 dagger (elec)
rCold    . . .     SeeInvis .   (shield restricted)
rNeg     . . .     Gourm    .   (armour unavailable)
rPois    .         Faith    .   v - +0 helmet (curse)
rElec    .         Spirit   .   (no cloak)
rCorr    .         Reflect  .   (no gloves)
MR       .....                  g - +0 pair of boots
Stlth    +.........             (no amulet)
HPRegen  0.16/turn              (no ring)
MPRegen  0.12/turn              (no ring)

@: flying evasively, very slightly contaminated
A: small, magic attunement, unstealthy, unfitting armour, able to fly, AC/SH +4
a: Stop Flying


You were on level 3 of the Dungeon.
You were not hungry.

You visited 1 branch of the dungeon, and saw 4 of its levels.

You collected 290 gold pieces.

Inventory:

Hand Weapons
 h - a +0 dagger
 l - a +0 dagger of electrocution (weapon)
 o - a +0 dagger of flaming
Missiles
 j - 192 stones (quivered)
Armour
 g - a +0 pair of boots (worn)
 v - a cursed +0 helmet (worn)
Jewellery
 d - an uncursed ring of stealth {unknown}
 r - a +3 ring of evasion {unknown}
 s - an uncursed ring of insulation
Wands
 t - a wand of random effects (7)
 u - a wand of iceblast (4)
Scrolls
 k - a scroll of fog
 m - a scroll of teleportation
 p - a scroll of enchant weapon
 q - a scroll of blinking
 y - a scroll of remove curse {unknown}
Potions
 a - 3 potions of curing {unknown}
 b - 2 potions of flight
 c - a potion of resistance
 f - 2 potions of might {unknown}
 n - a potion of cancellation {unknown}
 w - a potion of degeneration {unknown}
 x - a potion of heal wounds {unknown}
Comestibles
 e - 15 rations {!d}
 z - 4 chunks of flesh


   Skills:
 - Level 3.0 Fighting
 - Level 3.0 Dodging
 - Level 2.0 Stealth
 - Level 3.0 Spellcasting
 + Level 2.3 Conjurations
   Level 1.0 Charms
 - Level 5.0 Air Magic


You had 3 spell levels left.
You knew the following spells:

 Your Spells              Type           Power        Failure   Level  Hunger
a - Static Discharge      Air            ###...       1%          1    None
b - Shock                 Conj/Air       ###....      4%          2    None
c - Lightning Bolt        Conj/Air       ###.....     30%         4    None

Your spell library contained the following spells:

 Spells                   Type           Power        Failure   Level  Hunger
 Swiftness                Chrm/Air       ###.....     6%          2    None
 Mephitic Cloud           Conj/Pois/Air  ##......     16%         3    None


Dungeon Overview and Level Annotations

Branches:
Dungeon (4/12)
 Temple: D:4-7

Altars:
Ru

Annotations:
D:2 1 runed door
D:3 Sigmund


Innate Abilities, Weirdness & Mutations

Your spells do not cause hunger and MP costs are reduced by 1.
Your bright wings attract enemies. (Stealth-)
You cannot fit into any form of body armour.
Your shimmering scales are hard and can block incoming attacks. (AC +4, SH +4)
You are small and have problems with some larger weapons.
You can fly continuously.


Message History

You are very lightly contaminated with residual magic.
Nothing appears to happen.
You block the crimson imp's attack.
Casting: Static Discharge (safe; 1% risk of failure)
Confirm with . or Enter, or press ? or * to list all spells.
The crimson imp is struck by an arc of lightning.
The crimson imp is moderately wounded.
You are struck by an arc of lightning.
The crimson imp completely misses you.
Casting: Static Discharge (safe; 1% risk of failure)
Confirm with . or Enter, or press ? or * to list all spells.
The crimson imp is struck by an arc of lightning.
The crimson imp is severely wounded.
You are struck by an arc of lightning.
You block the crimson imp's attack.
Casting: Static Discharge (safe; 1% risk of failure)
Confirm with . or Enter, or press ? or * to list all spells.
The crimson imp is struck by an arc of lightning.
The crimson imp is almost dead.
You are struck by an arc of lightning.
The crimson imp breathes fire at you. The flame tongue hits you!
You die...

#.############.รท..
#.# #.### #.#
########'### #.#
#........... #.#
#...........
####'#####...........
#.......##........[..
#.......##......#'###
#...@....'......'....
#...5..[.#......#.###
#........########.#
#.................#
#.............#####
########......#
##....## ###....#
#......#


You could see a crimson imp.

Vanquished Creatures
  A howler monkey (D:3)
  A crimson imp (D:3)
  Robin (D:2)
  3 adders
  A dart slug (D:2)
  2 leopard geckos
  2 orcs (D:3)
  A ball python (D:1)
  5 bats
  5 giant cockroaches
  13 goblins
  7 hobgoblins
  4 jackals (D:2)
  2 quokkas
  2 frilled lizards
  7 kobolds
  3 rats
60 creatures vanquished.

Notes
Turn   | Place    | Note
-------+----------+-------------------------------------------
     0 | D:1      | Finalfun the Fairy Air Elementalist began the quest for the
                  | Orb.
     0 | D:1      | Reached XP level 1. HP: 11/11 MP: 6/6
   140 | D:1      | Reached skill level 4 in Air Magic
   180 | D:1      | Reached XP level 2. HP: 15/17 MP: 7/7
   718 | D:2      | Learned a level 2 spell: Shock
   788 | D:2      | Found a runed door.
   827 | D:2      | Noticed Robin
   833 | D:2      | Killed Robin
   834 | D:2      | Reached skill level 1 in Fighting
   834 | D:2      | Reached XP level 3. HP: 23/23 MP: 0/9
  1159 | D:2      | Reached XP level 4. HP: 28/29 MP: 10/10
  1756 | D:3      | Found a sacrificial altar of Ru.
  1962 | D:3      | Reached XP level 5. HP: 28/36 MP: 3/11
  1967 | D:3      | Learned a level 4 spell: Lightning Bolt
  2435 | D:3      | Noticed Sigmund
  2476 | D:3      | Reached skill level 5 in Air Magic
  2528 | D:4      | Noticed a sky beast
  2536 | D:3      | Killed from afar by a crimson imp

Skill      XL: |  1  2  3  4  5 |
---------------+----------------+-----
Air Magic      | 4 5 |  5.0
Dodging        | 3 |  3.0
Spellcasting   | 3 |  3.0
Stealth        | 2 |  2.0
Fighting       | 1 2 3 |  3.0
Conjurations   | 2 |  2.3
Charms         | |  1.0

Action                   |  1- 3 |  4- 6 || total
-------------------------+-------+-------++-------
Melee: Unarmed           |     1 |       ||     1
Throw: Stone             |    56 |     2 ||    58
 Cast: Static Discharge  |    29 |    22 ||    51
       Shock             |    26 |    54 ||    80
  Use: Scroll            |     2 |     3 ||     5
  Eat: Chunk             |     3 |     5 ||     8
Armor: Skin              |     2 |     2 ||     4
Dodge: Dodged            |    18 |    18 ||    36
Block: Other             |     2 |     5 ||     7
